AA
EVANSVILLE TRIPLETS @ WICHITA AEROS
07/22/1982
 
TOP OF THE 1ST
Evansville Triplets batting - Pitching for Wichita Aeros : RHP Jeff Heathcock
Pitching: RHP Jeff Heathcock
Batting: LHB Greg Gross 0-0: Ball
1-0: Called Strike
1-1: Foul Ball, location: 2F
1-2: SINGLE (Groundball, 4M, EV 106.9 MPH) (infield hit)
Batting: RHB Cory Mihalic 0-0: Ball
1-0: Called Strike
1-1: Ball
2-1: Ball
3-1: Base on Balls
Greg Gross to second
Batting: RHB Richard Bass 0-0: Ball
1-0: Swinging Strike
1-1: Fly out, F4 (Popup, 3S, EV 73.8 MPH)
Batting: RHB Ron Kittle 0-0: Called Strike
Greg Gross steals 3rd base
0-1: Called Strike
0-2: Grounds into double play, 1-6-3 (Groundball, 34S, EV 66.9 MPH)
Top of the 1st over - 0 runs, 1 hit, 0 errors, 1 left on base; Evansville 0 - Wichita 0
BOTTOM OF THE 1ST
Wichita Aeros batting - Pitching for Evansville Triplets : RHP Pat Jones
Pitching: RHP Pat Jones
Batting: LHB Omar Guerrero 0-0: Ball
1-0: Swinging Strike
1-1: Foul Ball, location: 2F
1-2: Ball
2-2: Strikes out swinging
Batting: RHB Greg Cypret 0-0: Ball
1-0: Called Strike
1-1: Ball
2-1: Called Strike
2-2: Ball
3-2: Ground out 4-3 (Groundball, 4, EV 101.3 MPH)
Batting: LHB Glenn Gulliver 0-0: Ball
1-0: Foul Ball, location: 2F
1-1: Swinging Strike
1-2: Ball
2-2: Foul Ball, location: 2F
2-2: Ground out U3 (Groundball, 3L, EV 103.8 MPH)
Bottom of the 1st over - 0 runs, 0 hits, 0 errors, 0 left on base; Evansville 0 - Wichita 0
TOP OF THE 2ND
Evansville Triplets batting - Pitching for Wichita Aeros : RHP Jeff Heathcock
Batting: LHB Luis Alfaro 0-0: Ball
1-0: Ball
2-0: Ground out 4-3 (Groundball, 34, EV 99.4 MPH)
Batting: RHB Ed Putman 0-0: Called Strike
0-1: Called Strike
0-2: Ground out 5-3 (Groundball, 56, EV 106.3 MPH)
Batting: RHB Jaden Smith 0-0: Swinging Strike
0-1: Ball
1-1: Foul Ball, location: 2F
1-2: Strikes out swinging
Top of the 2nd over - 0 runs, 0 hits, 0 errors, 0 left on base; Evansville 0 - Wichita 0
BOTTOM OF THE 2ND
Wichita Aeros batting - Pitching for Evansville Triplets : RHP Pat Jones
Batting: RHB Dave Hoenstine 0-0: Called Strike
0-1: Swinging Strike
0-2: Ball
1-2: Strikes out looking
Batting: LHB James Pellack 0-0: Called Strike
0-1: Ball
1-1: Ball
2-1: Foul Ball, location: 2F
2-2: Ground out 4-3 (Groundball, 4MD, EV 101.9 MPH)
Batting: RHB Gary House 0-0: Swinging Strike
0-1: Swinging Strike
0-2: Ball
1-2: Ball
2-2: Ball
3-2: Ground out 5-3 (Groundball, 56S, EV 63.1 MPH)
Bottom of the 2nd over - 0 runs, 0 hits, 0 errors, 0 left on base; Evansville 0 - Wichita 0
TOP OF THE 3RD
Evansville Triplets batting - Pitching for Wichita Aeros : RHP Jeff Heathcock
Batting: RHB Ed Jurak 0-0: Called Strike
0-1: Ground out 4-3 (Groundball, 4, EV 90.0 MPH)
Batting: SHB Bobby Thompson 0-0: Bunt for hit to 5S - play at first, batter safe!
Batting: LHB Greg Gross 0-0: Ball
1-0: Ball
2-0: Ball
3-0: Called Strike
3-1: Called Strike
3-2: Foul Ball, location: 2F
3-2: Foul Ball, location: 2F
3-2: Fielders Choice at 2nd, 6-4 (Groundball, 6, EV 90.0 MPH)
Batting: RHB Cory Mihalic 0-0: Ball
1-0: Ball
2-0: Ball
3-0: Base on Balls
Greg Gross to second
Batting: RHB Richard Bass 0-0: Ground out 4-3 (Groundball, 4, EV 89.4 MPH)
Top of the 3rd over - 0 runs, 1 hit, 0 errors, 2 left on base; Evansville 0 - Wichita 0
BOTTOM OF THE 3RD
Wichita Aeros batting - Pitching for Evansville Triplets : RHP Pat Jones
Batting: LHB Jesus Ramos 0-0: Ball
1-0: Ball
2-0: Foul Ball, location: 2F
2-1: Foul Ball, location: 2F
2-2: Foul Ball, location: 2F
2-2: Ball
3-2: Foul Ball, location: 2F
3-2: Base on Balls
Batting: RHB Dave Stenhouse 0-0: Ball
1-0: Ground out 5-3 (Groundball, 56, EV 100.6 MPH)
Jesus Ramos to second
Batting: RHB Julio Collazo 0-0: Ball
1-0: Ball
2-0: Foul Ball, location: 2F
2-1: Swinging Strike
2-2: Ball
3-2: Strikes out swinging
Batting: LHB Omar Guerrero 0-0: Ball
1-0: Called Strike
1-1: Fly out, F8 (Flyball, 8RD, EV 86.9 MPH)
Bottom of the 3rd over - 0 runs, 0 hits, 0 errors, 1 left on base; Evansville 0 - Wichita 0
TOP OF THE 4TH
Evansville Triplets batting - Pitching for Wichita Aeros : RHP Jeff Heathcock
Batting: RHB Ron Kittle 0-0: Fly out, F9 (Flyball, 9LS, EV 91.3 MPH)
Batting: LHB Luis Alfaro 0-0: Ball
1-0: Swinging Strike
1-1: Ground out 4-3 (Groundball, 4, EV 84.4 MPH)
Batting: RHB Ed Putman 0-0: Ball
1-0: SINGLE (Line Drive, 4D, EV 96.3 MPH)
Batting: RHB Jaden Smith 0-0: Fly out, F5 (Popup, 5F, EV 56.9 MPH)
Top of the 4th over - 0 runs, 1 hit, 0 errors, 1 left on base; Evansville 0 - Wichita 0
BOTTOM OF THE 4TH
Wichita Aeros batting - Pitching for Evansville Triplets : RHP Pat Jones
Batting: RHB Greg Cypret 0-0: Ground out U3 (Groundball, 34S, EV 80.6 MPH)
Batting: LHB Glenn Gulliver 0-0: Ball
1-0: Ball
2-0: Foul Ball, location: 2F
2-1: Ball
3-1: Swinging Strike
3-2: Ground out 6-3 (Groundball, 6S, EV 77.5 MPH)
Batting: RHB Dave Hoenstine 0-0: Foul Ball, location: 2F
0-1: Fly out, F8 (Flyball, 8LM, EV 75.0 MPH)
Bottom of the 4th over - 0 runs, 0 hits, 0 errors, 0 left on base; Evansville 0 - Wichita 0
TOP OF THE 5TH
Evansville Triplets batting - Pitching for Wichita Aeros : RHP Jeff Heathcock
Batting: RHB Ed Jurak 0-0: Ground out 5-3 (Groundball, 56, EV 85.0 MPH)
Batting: SHB Bobby Thompson 0-0: Swinging Strike
0-1: Ball
1-1: Called Strike
1-2: Ball
2-2: Ground out 6-3 (Groundball, 6, EV 80.0 MPH)
Batting: LHB Greg Gross 0-0: Ball
1-0: Swinging Strike
1-1: Foul Ball, location: 2F
1-2: Ball
2-2: Foul Ball, location: 2F
2-2: Ground out 5-3 (Groundball, 56, EV 100.0 MPH)
Top of the 5th over - 0 runs, 0 hits, 0 errors, 0 left on base; Evansville 0 - Wichita 0
BOTTOM OF THE 5TH
Wichita Aeros batting - Pitching for Evansville Triplets : RHP Pat Jones
Batting: LHB James Pellack 0-0: Called Strike
0-1: SINGLE (Line Drive, 8RS, EV 110.6 MPH)
Batting: RHB Gary House 0-0: Foul Ball, location: 2F
0-1: Ball
1-1: SINGLE (Line Drive, 9S, EV 102.5 MPH)
James Pellack to second
Batting: LHB Jesus Ramos 0-0: Sac Bunt to 3S - play at first, batter OUT! 3-4
James Pellack to third
Gary House to second
Batting: RHB Dave Stenhouse 0-0: Foul Ball, location: 2F
0-1: Fly out, F8 (Flyball, 89D, EV 88.8 MPH)
Runner from 3rd tags up, SCORES, throw by CF
Gary House to third
Batting: RHB Julio Collazo 0-0: Ball
1-0: Ground out 4-3 (Groundball, 4, EV 80.6 MPH)
Bottom of the 5th over - 1 run, 2 hits, 0 errors, 1 left on base; Evansville 0 - Wichita 1
TOP OF THE 6TH
Evansville Triplets batting - Pitching for Wichita Aeros : RHP Jeff Heathcock
Batting: RHB Cory Mihalic 0-0: SINGLE (Groundball, 4MD, EV 105.0 MPH) (infield hit)
Batting: RHB Richard Bass 0-0: Ball
1-0: Fly out, F7 (Flyball, 7S, EV 90.0 MPH)
Batting: RHB Ron Kittle 0-0: Ball
1-0: Swinging Strike
1-1: Ball
2-1: SINGLE (Flyball, 3D, EV 100.0 MPH)
Cory Mihalic to second
Runner from 2nd tries for 3rd, SAFE, no throw by RF
Batting: LHB Luis Alfaro 0-0: Ball
1-0: Ball
2-0: Ball
3-0: Called Strike
3-1: Fielders Choice at 2nd, 1-6 (Groundball, 34S, EV 64.4 MPH)
Batting: RHB Ed Putman 0-0: Fly out, F9 (Flyball, 9S, EV 93.1 MPH)
Top of the 6th over - 0 runs, 2 hits, 0 errors, 2 left on base; Evansville 0 - Wichita 1
BOTTOM OF THE 6TH
Wichita Aeros batting - Pitching for Evansville Triplets : RHP Pat Jones
Batting: LHB Omar Guerrero 0-0: Ball
1-0: Foul Ball, location: 2F
1-1: Foul Ball, location: 2F
1-2: Ground out 1-3 (Groundball, 15S, EV 76.3 MPH)
Batting: RHB Greg Cypret 0-0: Swinging Strike
0-1: Ball
1-1: Foul Ball, location: 2F
1-2: Ball
2-2: Ball
3-2: Strikes out swinging
Batting: LHB Glenn Gulliver 0-0: Foul Ball, location: 2F
0-1: Foul Ball, location: 2F
0-2: Ball
1-2: Foul Ball, location: 2F
1-2: Foul Ball, location: 2F
1-2: Ball
2-2: Fly out, F7 (Line Drive, 7, EV 96.3 MPH)
Bottom of the 6th over - 0 runs, 0 hits, 0 errors, 0 left on base; Evansville 0 - Wichita 1
TOP OF THE 7TH
Evansville Triplets batting - Pitching for Wichita Aeros : RHP Jeff Heathcock
Batting: RHB Jaden Smith 0-0: Called Strike
0-1: Ball
1-1: SINGLE (Groundball, 56D, EV 94.4 MPH)
Batting: RHB Ed Jurak 0-0: Foul Ball, location: 2F
0-1: Swinging Strike
0-2: Ball
1-2: DOUBLE (Line Drive, 78D, EV 100.6 MPH)
Jaden Smith to third
Pinch Hitting: RHB Mark M Corey 0-0: Ball
1-0: Swinging Strike
1-1: Ball
2-1: Ball
3-1: Fly out, F6 (Popup, 15, EV 78.8 MPH)
Batting: LHB Greg Gross 0-0: Called Strike
0-1: Called Strike
0-2: Fly out, F9 (Flyball, 9LM, EV 105.0 MPH)
Runner from 3rd tags up, SCORES, throw by RF
Ed Jurak to third
Batting: RHB Cory Mihalic 0-0: Intentional Walk
Batting: RHB Richard Bass 0-0: Ball
1-0: Ball
2-0: Foul Ball, location: 2F
2-1: Fly out, F8 (Flyball, 8RD, EV 76.3 MPH)
Top of the 7th over - 1 run, 2 hits, 0 errors, 2 left on base; Evansville 1 - Wichita 1
BOTTOM OF THE 7TH
Wichita Aeros batting - Pitching for Evansville Triplets : RHP Pat Jones
Now at 2B: Mike Allen
Batting: RHB Dave Hoenstine 0-0: Ground out 5-3 (Groundball, 56, EV 90.6 MPH)
Batting: LHB James Pellack 0-0: Foul Ball, location: 2F
0-1: Called Strike
0-2: Ball
1-2: Ground out 4-3 (Groundball, 4D, EV 79.4 MPH)
Batting: RHB Gary House 0-0: Swinging Strike
0-1: Called Strike
0-2: Foul Ball, location: 2F
0-2: Ball
1-2: Ball
2-2: Foul Ball, location: 2F
2-2: SINGLE (Groundball, 56D, EV 101.9 MPH)
Pinch Runner at 1st Gary Pettis:
Batting: LHB Jesus Ramos 0-0: Ball
1-0: Ball
2-0: Ball
3-0: Called Strike
3-1: Base on Balls
Gary Pettis to second
Pitching: RHP Gordie Pladson
Batting: RHB Dave Stenhouse 0-0: Called Strike
0-1: SINGLE (Groundball, 4MD, EV 94.4 MPH)
Gary Pettis to third
Jesus Ramos to second
Runner from 3rd tries for Home, SAFE, throw by CF to home
Batting: RHB Julio Collazo 0-0: Swinging Strike
0-1: Fly out, F7 (Flyball, 78S, EV 85.6 MPH)
Bottom of the 7th over - 1 run, 2 hits, 0 errors, 2 left on base; Evansville 1 - Wichita 2
TOP OF THE 8TH
Evansville Triplets batting - Pitching for Wichita Aeros : RHP Jeff Heathcock
Now at 2B: Victor Mabee
Now in LF: Jim F Weaver
Batting: RHB Ron Kittle 0-0: SOLO HOME RUN (Flyball, 7D, EV 96.9 MPH), Distance : 368 ft
Batting: LHB Luis Alfaro 0-0: Swinging Strike
0-1: Fly out, F7 (Flyball, 78M, EV 98.1 MPH)
Batting: RHB Ed Putman 0-0: Ball
1-0: Ball
2-0: Called Strike
2-1: Fly out, F6 (Flyball, 56D, EV 76.3 MPH)
Batting: RHB Jaden Smith 0-0: Foul Ball, location: 2F
0-1: Ball
1-1: Ball
2-1: Foul Ball, location: 2F
2-2: Ball
3-2: Fly out, F3 (Popup, 34S, EV 61.3 MPH)
Top of the 8th over - 1 run, 1 hit, 0 errors, 0 left on base; Evansville 2 - Wichita 2
BOTTOM OF THE 8TH
Wichita Aeros batting - Pitching for Evansville Triplets : RHP Gordie Pladson
Pitching: LHP Randy Niemann
Batting: LHB Omar Guerrero 0-0: Called Strike
0-1: Ball
1-1: Ball
2-1: Ball
3-1: Reached on error, E4 (Groundball, 4, EV 108.1 MPH)
Batting: RHB Greg Cypret 0-0: Intentional Walk
Batting: LHB Glenn Gulliver 0-0: Ball
Balk!
Omar Guerrero to third
Greg Cypret to second
1-0: Swinging Strike
1-1: Swinging Strike
1-2: Foul Ball, location: 2F
1-2: Ball
2-2: Ground out 5-3 (Groundball, 56S, EV 67.5 MPH)
Batting: RHB Dave Hoenstine 0-0: Intentional Walk
Batting: LHB James Pellack 0-0: Ball
1-0: Ball
2-0: Foul Ball, location: 2F
2-1: Ball
3-1: Fly out, F5 (Popup, 56, EV 71.9 MPH)
Batting: LHB Jim F Weaver 0-0: Called Strike
0-1: Foul Ball, location: 2F
0-2: Fly out, F8 (Line Drive, 8RD, EV 89.4 MPH)
Bottom of the 8th over - 0 runs, 0 hits, 1 error, 3 left on base; Evansville 2 - Wichita 2
TOP OF THE 9TH
Evansville Triplets batting - Pitching for Wichita Aeros : RHP Jeff Heathcock
Pitching: RHP Joey McLaughlin
Batting: RHB Ed Jurak 0-0: Ball
1-0: Ball
2-0: Ball
3-0: Base on Balls
Batting: RHB Mike Allen 0-0: Ball
1-0: Bunt missed!
1-1: Ball
2-1: Bunt missed!
2-2: Strikes out swinging
Batting: LHB Greg Gross 0-0: Fielders Choice at 2nd, 6-4 (Groundball, 6, EV 100.0 MPH)
Batting: SHB Mickey Tettleton 0-0: Ball
1-0: Called Strike
1-1: Ball
2-1: Fly out, F8 (Line Drive, 8RD, EV 91.3 MPH)
Top of the 9th over - 0 runs, 0 hits, 0 errors, 1 left on base; Evansville 2 - Wichita 2
BOTTOM OF THE 9TH
Wichita Aeros batting - Pitching for Evansville Triplets : LHP Randy Niemann
Pinch Hitting: LHB Michael Barnes 0-0: Called Strike
0-1: Ground out 4-3 (Groundball, 4, EV 86.9 MPH)
Batting: RHB Dave Stenhouse 0-0: SINGLE (Groundball, 4MD, EV 94.4 MPH)
Pinch Hitting: RHB Bill Schroeder 0-0: Called Strike
0-1: Foul Ball, location: 2F
0-2: Ball
1-2: Ball
2-2: Ball
3-2: Foul Ball, location: 2F
3-2: Fly out, F7 (Flyball, 7S, EV 75.6 MPH)
Pitching: RHP Geoff Combe
Batting: LHB Omar Guerrero 0-0: Ball
1-0: Ball
Wild Pitch!
Dave Stenhouse to second
2-0: Called Strike
2-1: Ground out 4-3 (Groundball, 4, EV 89.4 MPH)
Bottom of the 9th over - 0 runs, 1 hit, 0 errors, 1 left on base; Evansville 2 - Wichita 2
TOP OF THE 10TH
Evansville Triplets batting - Pitching for Wichita Aeros : RHP Joey McLaughlin
Now at 2B: Michael Barnes
Now at SS: Bill Schroeder
Batting: RHB Richard Bass 0-0: Called Strike
0-1: Foul Ball, location: 2F
0-2: Ball
1-2: Strikes out swinging
Batting: RHB Ron Kittle 0-0: Ball
1-0: Foul Ball, location: 2F
1-1: Swinging Strike
1-2: Strikes out looking
Batting: LHB Luis Alfaro 0-0: SINGLE (Line Drive, 89M, EV 101.9 MPH)
Batting: RHB Ed Putman 0-0: Ball
1-0: Called Strike
1-1: Ball
2-1: Fielders Choice at 2nd, 6-4 (Groundball, 6, EV 84.4 MPH)
Top of the 10th over - 0 runs, 1 hit, 0 errors, 1 left on base; Evansville 2 - Wichita 2
BOTTOM OF THE 10TH
Wichita Aeros batting - Pitching for Evansville Triplets : RHP Geoff Combe
Batting: RHB Greg Cypret 0-0: Foul Ball, location: 2F
0-1: SINGLE (Groundball, 56, EV 97.5 MPH) (infield hit)
Batting: LHB Glenn Gulliver 0-0: Called Strike
0-1: Ball
1-1: Ball
2-1: Foul Ball, location: 2F
2-2: Grounds into double play, 3-6-3 (Groundball, 34, EV 100.0 MPH)
Batting: RHB Dave Hoenstine 0-0: Foul Ball, location: 2F
0-1: Ground out 4-3 (Groundball, 4S, EV 86.3 MPH)
Bottom of the 10th over - 0 runs, 1 hit, 0 errors, 0 left on base; Evansville 2 - Wichita 2
TOP OF THE 11TH
Evansville Triplets batting - Pitching for Wichita Aeros : RHP Joey McLaughlin
Pitching: RHP Rob Pietroburgo
Batting: RHB Jaden Smith 0-0: Ball
1-0: Ball
2-0: Ball
3-0: Base on Balls
Batting: RHB Ed Jurak 0-0: Ball
1-0: Ball
2-0: Ball
3-0: Called Strike
3-1: Grounds into double play, 4-6-3 (Groundball, 4S, EV 88.1 MPH)
Batting: RHB Mike Allen 0-0: Ball
1-0: Called Strike
1-1: Swinging Strike
1-2: SINGLE (Groundball, 56D, EV 106.3 MPH)
Batting: LHB Greg Gross 0-0: Ball
1-0: Swinging Strike
1-1: Swinging Strike
1-2: Ball
2-2: Ball
3-2: Base on Balls
Mike Allen to second
Batting: SHB Mickey Tettleton 0-0: Called Strike
0-1: Fly out, F7 (Flyball, 78S, EV 78.8 MPH)
Top of the 11th over - 0 runs, 1 hit, 0 errors, 2 left on base; Evansville 2 - Wichita 2
BOTTOM OF THE 11TH
Wichita Aeros batting - Pitching for Evansville Triplets : RHP Geoff Combe
Batting: LHB James Pellack 0-0: Ball
1-0: Ball
2-0: Ground out 4-3 (Groundball, 4, EV 110.0 MPH)
Batting: LHB Jim F Weaver 0-0: Called Strike
0-1: Ball
1-1: Ball
2-1: Ball
3-1: Called Strike
3-2: Foul Ball, location: 2F
3-2: Base on Balls
Batting: LHB Michael Barnes 0-0: Ball
1-0: Bunt missed!
1-1: Bunt missed!
1-2: Ball
2-2: Ground out 4-3 (Groundball, 34D, EV 111.3 MPH)
Jim F Weaver to second
Pinch Hitting: LHB Angel Matos 0-0: Ball
1-0: Called Strike
1-1: Foul Ball, location: 2F
1-2: Foul Ball, location: 2F
1-2: Foul Ball, location: 2F
1-2: Foul Ball, location: 2F
1-2: SINGLE (Groundball, 56D, EV 96.9 MPH)
Jim F Weaver to third
Runner from 3rd tries for Home, SAFE, throw by LF to home
Bottom of the 11th over - 1 run, 1 hit, 0 errors, 0 left on base; Evansville 2 - Wichita 3
Monday, August 17th, 2020 - OOTP Baseball 21.5 Build 76